 Dungeon Crawl Stone Soup version 0.30-a0-702-gdf48620a09 (webtiles) character file.

Game seed: 15729518067197713126

464 OTABOTABOTAB the Cutter (level 7, -4/37 HPs)
             Began as a Vine Stalker Fighter on Jan 21, 2023.
             Splashed by a jelly's acid (7 damage)
             ... on level 4 of the Dungeon.
             The game lasted 00:04:11 (2149 turns).

OTABOTABOTAB the Cutter (Vine Stalker Fighter)      Turns: 2149, Time: 00:04:12

Health: -4/37      AC: -6    Str: 21    XL:     7   Next: 8%
Magic:  0/8        EV:  9    Int:  8    God:
Gold:   199        SH:  5    Dex: 13    Spells: 6/6 levels left

rFire   . . .      SeeInvis .    a - +1 rapier (flame)
rCold   + . .      Faith    .    c - +0 buckler
rNeg    . . .      Spirit   +    b - +0 scale mail
rPois   .          Reflect  .    (no helmet)
rElec   .          Harm     .    (no cloak)
rCorr   .          Rampage  .    (no gloves)
Will    .....                    d - +1 pair of boots Stlth
                                 g - amulet of regeneration
HPRegen 1.86/turn                C - ring of protection from cold {rC+, !d}
MPRegen 0.11/turn                (no ring)

@: corroded
A: fangs 2, regeneration 1, magic shield, antimagic bite, no potion heal 2
a: no special abilities


You were on level 4 of the Dungeon.
You visited 1 branch of the dungeon, and saw 4 of its levels.
You also visited: Sewer.

You collected 199 gold pieces.

Inventory:

Hand Weapons
 a - a +1 rapier of flaming (weapon)
Armour
 b - a +0 scale mail (worn)
 c - a +0 buckler (worn)
 d - a +1 pair of boots (worn)
   (You found it on level 1 of the Dungeon)
Jewellery
 g - an amulet of regeneration (around neck)
   (You found it on level 1 of the Dungeon)
 C - a ring of protection from cold (left hand) {rC+, !d}
   (You found it on level 3 of the Dungeon)
Wands
 i - a wand of quicksilver (1)
   (You took it off Ijyb on level 4 of the Dungeon)
Scrolls
 h - 2 scrolls of fog
 j - a scroll of brand weapon
 m - a scroll of enchant armour
 Y - 2 scrolls of teleportation {@r3}
Potions
 e - a potion of invisibility {unknown}
 f - a potion of brilliance {unknown}
 k - a potion of attraction {unknown}
 n - a potion of berserk rage {unknown}
 o - a potion of heal wounds {unknown}
 p - a potion of degeneration {unknown}
 q - a potion of resistance {unknown}
 J - 3 potions of curing {@q1}
 M - a potion of might
Miscellaneous
 l - a piece from Xom's chessboard (15/15)
   (You found it in a sewer)


   Skills:
 + Level 3.9 Fighting
 * Level 4.4 Short Blades
 + Level 3.5 Armour
 + Level 3.9 Shields


You had 6 spell levels left.
You didn't know any spells.
Your spell library contained the following spells:

 Spells                   Type           Power      Damage    Failure   Level
 Magic Dart               Conj           0%         1d3       83%         1
 Call Imp                 Summ           0%         N/A       93%         2
 Mephitic Cloud           Conj/Pois/Air  0%         N/A       99%         3
 Ozocubu's Armour         Ice            0%         N/A       99%         3
 Ozocubu's Refrigeration  Ice            0%         4d7       100%        7


Dungeon Overview and Level Annotations

Branches:
Dungeon (4/15)              Sewer (visited)
 Temple: D:4-7

Altars:


Innate Abilities, Weirdness & Mutations

You have extremely sharp teeth.
Your natural rate of healing is unusually fast.
When hurt, damage is shared between your health and your magic reserves.
Your bite disrupts and absorbs the magic of your enemies.
Potions cannot restore your health.


Message History

The hobgoblin shouts!
The jelly quivers.
The hobgoblin moves out of view.
There are monsters nearby!
You hit the adder. You burn the adder. You bite the adder. You drain its power.
The adder bites you. You block the adder's attack.
You take 2 damage, and have 31/33 hp.
You now have 6/7 mp.
You closely miss the adder. You bite the adder. You drain its power.
You feel invigorated. The adder bites you.
MP restored: 7 You hit the adder.
You burn the adder. Your bite misses the adder. The adder barely misses you.
Health restored: 33 You barely miss the adder.
You bite the adder. You drain its power.
The adder bites you but does no damage.
Unknown command.
You hit the adder. You burn the adder.
You kill the adder!
You have reached level 7!
Health restored: 37; MP restored: 8 You hit the iguana but do no damage.
You bite the iguana. You drain its power.
The jelly hits you but does no damage. The hobgoblin closely misses you.
The iguana barely misses you.
You hit the iguana but do no damage. You bite the iguana, but do no damage.
The iguana barely misses you. The jelly hits you. The acid corrodes you!
You are splashed with acid.
The hobgoblin hits you but does no damage.
You take 5 damage, and have 32/37 hp.
You now have 6/8 mp.
You hit the iguana. You burn the iguana. You bite the iguana, but do no damage.
The jelly hits you but does no damage.
The iguana hisses menacingly.
You block the iguana's attack. You block the hobgoblin's attack.
Unknown command.
You hit the iguana but do no damage. You block the iguana's attack.
The jelly hits you but does no damage.
The hobgoblin hits you but does no damage.
You regained 2 hp, and now have 35/37 hp.
You closely miss the iguana. You block the iguana's attack.
The hobgoblin hits you but does no damage.
The jelly hits you but does no damage.
Health restored: 37 You barely miss the iguana.
You bite the iguana. You drain its power.
You feel invigorated. The iguana barely misses you.
The jelly completely misses you. You block the hobgoblin's attack.
MP restored: 8 You hit the iguana but do no damage.
The iguana closely misses you. The hobgoblin hits you.
The jelly barely misses you.
You take 2 damage, and have 35/37 hp.
You now have 7/8 mp.
You hit the iguana but do no damage. You bite the iguana, but do no damage.
You block the jelly's attack.
The hobgoblin hits you but does no damage.
The iguana barely misses you.
Health restored: 37 You closely miss the iguana.
The iguana barely misses you. The hobgoblin completely misses you.
The jelly hits you but does no damage.
You hit the iguana. You burn the iguana.
You kill the iguana!
The jelly hits you but does no damage.
The hobgoblin hits you but does no damage. x2
The jelly hits you but does no damage.
You hit the jelly. You burn the jelly.
Your hands burn!
You bite the jelly, but do no damage. The jelly hits you but does no damage.
The hobgoblin barely misses you.
Unknown command.
You hit the jelly. You burn the jelly. The acid corrodes you!
Your hands burn!
You bite the jelly. You drain its power.
You feel invigorated. The jelly hits you. The acid corrodes you!
You are splashed with acid.
The hobgoblin hits you.
You take 11 damage, and have 26/37 hp.
MASSIVE DAMAGE!!
You now have 5/8 mp.
You hit the jelly but do no damage.
Your hands burn!
You bite the jelly, but do no damage.
You regained 2 hp, and now have 28/37 hp.
You now have 4/8 mp.
You hit the jelly but do no damage. The acid corrodes you!
Your hands burn!
You bite the jelly, but do no damage. The hobgoblin hits you.
The jelly closely misses you. The hobgoblin hits you.
The jelly barely misses you.
You take 5 damage, and have 23/37 hp.
You hit the jelly but do no damage.
Your hands burn!
You bite the jelly. You drain its power.
You feel invigorated.
You take 3 damage, and have 20/37 hp.
You hit the jelly but do no damage.
Your hands burn!
You bite the jelly, but do no damage. The jelly barely misses you.
The hobgoblin hits you.
You take 5 damage, and have 15/37 hp.
You hit the jelly but do no damage.
Your hands burn!
The jelly hits you. The acid corrodes you!
You are splashed with acid!
* * * LOW HITPOINT WARNING * * *
The hobgoblin barely misses you.
You take 8 damage, and have 7/37 hp.
MASSIVE DAMAGE!!
You now have 3/8 mp.
You hit the jelly but do no damage.
Your hands burn!
* * * LOW HITPOINT WARNING * * *
The hobgoblin closely misses you. The jelly hits you.
* * * LOW HITPOINT WARNING * * *
You are splashed with acid!
You die...

................... ..
...#.............# <....
.................##.....
.....###................
.##.....................
.#######.#.#.....##.....
.........###.#..##......
...#.....###.##.#.......
...##.....##..#.@.......
....####.....##.gJ......
.....##....#.#..........
.....###..........#.....
...... ###.....##.#.....
...#..# ..##...... ....
...# #......#.... ...
....# ###...##.... <..
....# ...# ..


You could see a jelly and a hobgoblin.

Vanquished Creatures
  Pargi (Sewer)
  A howler monkey (D:4)
  Ijyb (D:4)
  2 iguanas (D:4)
  An orc wizard (D:3)
  4 gnolls
  10 adders
  A river rat (D:3)
  2 worms (D:3)
  A dart slug (D:1)
  4 orcs (D:3)
  3 endoplasms (D:2)
  A giant cockroach (D:1)
  9 goblins
  8 hobgoblins
  3 jackals (D:2)
  9 kobolds
  2 quokkas (D:3)
  10 ball pythons
  4 bats
  3 frilled lizards
  8 rats
88 creatures vanquished.

Vanquished Creatures (collateral kills)
  A dart slug (D:2)
1 creature vanquished.

Grand Total: 89 creatures vanquished

Notes
Turn   | Place    | Note
-------+----------+-------------------------------------------
     0 | D:1      | OTABOTABOTAB the Vine Stalker Fighter began the quest for
                  | the Orb.
     0 | D:1      | Reached XP level 1. HP: 11/11 MP: 2/2
   149 | D:1      | Reached skill level 2 in Short Blades
   174 | D:1      | Reached XP level 2. HP: 16/16 MP: 3/3
   554 | D:1      | Reached XP level 3. HP: 19/19 MP: 4/4
   667 | D:2      | Reached skill level 3 in Fighting
   688 | D:2      | Reached skill level 3 in Shields
   992 | D:2      | Gained mutation: Your natural rate of healing is unusually
                  | fast. [Vine Stalker growth]
   992 | D:2      | Reached XP level 4. HP: 15/24 MP: 2/5
  1145 | D:3      | Reached skill level 3 in Short Blades
  1232 | D:3      | Reached skill level 3 in Armour
  1258 | D:3      | Reached XP level 5. HP: 28/28 MP: 6/6
  1394 | D:3      | Found a glowing drain.
  1398 | Sewer    | Entered a sewer
  1492 | Sewer    | Noticed Pargi
  1499 | Sewer    | Killed Pargi
  1500 | Sewer    | Reached XP level 6. HP: 30/32 MP: 7/7
  1918 | D:4      | Reached skill level 4 in Short Blades
  1940 | D:4      | Noticed Ijyb
  1980 | D:4      | Killed Ijyb
  2132 | D:4      | Reached XP level 7. HP: 37/37 MP: 8/8
  2148 | D:4      | HP: 7/37 [acid (6)]
  2149 | D:4      | HP: 3/37 [acid (4)]
  2149 | D:4      | Splashed by a jelly's acid

Illustrated notes

Levels and vault maps discovered:
D:1:      tarquinn_simple_flora_water_d, layout_rooms, minmay_shallow_snake_nest
D:2:      layout_rooms, minmay_bisected
D:3:      layout_rooms, lightli_sewer_entry_pipes
D:4:      layout_cave_pools, lemuel_doored_altar, nicolae_take_the_stairs,
          uniq_grinder, uniq_ijyb, uniq_menkaure

Skill      XL: |  1  2  3  4  5  6 |
---------------+-------------------+-----
Short Blades   | 2 3 4 |  4.4
Fighting       | 3 |  3.9
Shields        | 3 |  3.9
Armour         | 3 |  3.5

Action                   |  1- 3 |  4- 6 |  7- 9 || total
-------------------------+-------+-------+-------++-------
Melee: Rapier            |    92 |   201 |    18 ||   311
       Bite              |    12 |    40 |    11 ||    63
Throw: Stone             |     3 |       |       ||     3
  Use: Scroll            |     6 |     5 |       ||    11
Armor: Scale mail        |    47 |    91 |    14 ||   152
Dodge: Dodged            |    37 |    91 |    16 ||   144
Block: Buckler           |    18 |    47 |     6 ||    71

Table legend: (Time is in decaauts)
 A = Elapsed time spent in this place.
 B = Non-inter-level travel time spent in this place.
 C = Inter-level travel time spent in this place.
 D = Time resting spent in this place.
 E = Time spent auto-exploring this place.
 F = Levels seen in this place.
 G = Mean time per level.
                   A        B        C        D        E       F      G
               +--------+--------+--------+--------+--------+-----+--------+
         Total |   2203 |   2125 |     78 |     29 |   1482 |   5 |  440.6 |
       Dungeon |   2068 |   1990 |     78 |     29 |   1386 |   4 |  517.0 |
         Sewer |    134 |    134 |      0 |      0 |     96 |   1 |  134.0 |
               +--------+--------+--------+--------+--------+-----+--------+

Top non-repeatable levels by time:
     D:3: 752 daAuts
     D:1: 596 daAuts
     D:2: 489 daAuts
     D:4: 230 daAuts
   Sewer: 134 daAuts

Table legend:
 A = Kills in this place as a percentage of kills in entire the game.
 B = Kills by you in this place as a percentage of kills by you in the entire game.
 C = Kills by friends in this place as a percentage of kills by friends in the entire game.
 D = Other kills in this place as a percentage of other kills in the entire game.
 E = Experience gained in this place as a percentage of experience gained in the entire game.
 F = Experience gained in this place divided by the number of levels of this place that you have seen.
                   A       B       C       D       E      F
               +-------+-------+-------+-------+-------+----------------------
         Total | 100.0 | 100.0 | 100.0 |   N/A | 100.0 | 132.8
       Dungeon |  94.4 |  94.3 | 100.0 |   N/A |  77.7 | 129.0
         Sewer |   5.6 |   5.7 |   0.0 |   N/A |  22.3 | 148.0
               +-------+-------+-------+-------+-------+----------------------
